 Dungeon Crawl Stone Soup version 0.30-a0-304-gdc4b735fe1 (webtiles) character file.

Game seed: 408432087771378151

637 koil the Sneak (level 7, 0/35 HPs)
             Began as a Spriggan Enchanter on Oct 20, 2022.
             Was an Initiate of Hepliaklqana.
             Slain by a lemure (5 damage)
             ... led by Pikel
             ... on level 5 of the Dungeon.
             The game lasted 00:16:04 (4583 turns).

koil the Sneak (Spriggan Enchanter)                 Turns: 4583, Time: 00:16:05

Health: 0/35       AC: 10    Str:  4    XL:     7   Next: 25%
Magic:  13/14      EV: 19    Int: 16    God:    Hepliaklqana [......]
Gold:   254        SH:  0    Dex: 18    Spells: 7/15 levels left

rFire   . . .      SeeInvis +    w - +1 dagger (freeze)
rCold   . . .      Faith    .    (no shield)
rNeg    . . .      Spirit   .    A - +0 robe
rPois   .          Reflect  .    (helmet restricted)
rElec   .          Harm     .    (no cloak)
rCorr   .          Rampage  .    (gloves unavailable)
Will    +....                    (boots unavailable)
Stlth   ++++......               (no amulet)
HPRegen 0.25/turn                f - +4 ring of protection
MPRegen 0.14/turn                F - +4 ring of protection

@: very quick
A: very small, no large weapons, unfitting armour, see invisible, speed 3
a: Renounce Religion


You were on level 5 of the Dungeon.
You worshipped Hepliaklqana.
Hepliaklqana was noncommittal.
You visited 1 branch of the dungeon, and saw 5 of its levels.

You collected 254 gold pieces.

Inventory:

Hand Weapons
 a - a +1 dagger
 o - a +1 mace of holy wrath
 r - a +1 dagger of holy wrath
 w - a +1 dagger of freezing (weapon)
 I - the +10 spear "Mostexud" {drain, +Blink rElec rC- Dex-5}
   (You found it on level 5 of the Dungeon)

   A truly terrible weapon, it drains the life of any living foe it strikes.
   Dex:       It affects your dexterity (-5).
   rC:        It makes you vulnerable to cold.
   rElec:     It insulates you from electricity.
   +Blink:    It lets you blink.
Missiles
 n - 5 atropa-tipped darts (quivered)
 y - 2 throwing nets
 C - 3 poisoned darts
Armour
 b - a +0 robe
 h - a +0 robe
 u - a +0 robe
 A - a +0 robe (worn)
Jewellery
 f - a +4 ring of protection (left hand)
 m - an amulet of guardian spirit
 F - a +4 ring of protection (right hand)
Wands
 H - a wand of polymorph (4)
Scrolls
 g - 2 scrolls of magic mapping {unknown}
 i - a scroll of poison {unknown}
 j - a scroll of torment {unknown}
 l - 3 scrolls of identify {unknown}
 p - 2 scrolls of fear {unknown}
 s - a scroll of butterflies {unknown}
 v - a scroll of summoning {unknown}
 x - 3 scrolls of enchant weapon {unknown}
 D - a scroll of teleportation {unknown}
 G - a scroll of amnesia {unknown}
Potions
 c - 2 potions of invisibility
 d - a potion of might
 k - 2 potions of heal wounds {unknown}
 q - a potion of attraction {unknown}
 t - a potion of haste {unknown}
 z - a potion of flight {unknown}
 B - a potion of cancellation {unknown}
 E - a potion of brilliance {unknown}


   Skills:
 + Level 2.3 Fighting
 + Level 3.5 Short Blades
 + Level 4.9 Dodging
 + Level 6.6 Stealth
 + Level 4.6 Spellcasting
 + Level 5.2 Hexes
 + Level 0.5 Invocations


You had 7 spell levels left.
You knew the following spells:

 Your Spells              Type           Power      Damage    Failure   Level
a - Ensorcelled Hibernat  Hex/Ice        24%        N/A       9%          2
b - Confusing Touch       Hex            20%        N/A       5%          3
c - Dazzling Flash        Conj/Hex       24%        N/A       16%         3

Your spell library contained the following spells:

 Spells                   Type           Power      Damage    Failure   Level
 Tukima's Dance           Hex            20%        N/A       5%          3
 Summon Small Mammal      Summ           12%        N/A       16%         1
 Summon Guardian Golem    Hex/Summ       12%        N/A       16%         3
 Call Canine Familiar     Summ           3%         N/A       43%         3


Dungeon Overview and Level Annotations

Branches:
Dungeon (5/15)
 Temple: D:4-7

Altars:
Fedhas
Hepliaklqana
Vehumet
Wu Jian
Yredelemnul
The Shining One

Annotations:
D:5 Pikel


Innate Abilities, Weirdness & Mutations

You are very small and have problems with some larger weapons.
You are too small for most types of armour.
You have supernaturally acute eyesight. (SInv)
You cover ground extremely quickly. (Speed+++)


Message History

Pikel is moderately wounded.
The lemure barely misses you. The lemure completely misses you.
Pikel hits you with a +0 whip of freezing.
Pikel freezes you.
You hit Pikel. You freeze Pikel.
Pikel is moderately wounded.
The lemure hits you but does no damage. x2
You hit Pikel. You freeze Pikel.
Pikel is heavily wounded.
The lemure hits you but does no damage. x2
Pikel hits you with a +0 whip of freezing!
Pikel freezes you.
You hit Pikel but do no damage.
Pikel is heavily wounded.
The lemure hits you but does no damage. The lemure misses you.
The lemure closely misses you.
You hit Pikel. You freeze Pikel.
Pikel is heavily wounded.
You hit Pikel but do no damage.
Pikel is heavily wounded.
The lemure hits you but does no damage.
Pikel hits you with a +0 whip of freezing.
* * * LOW HITPOINT WARNING * * *
Pikel freezes you.
* * * LOW HITPOINT WARNING * * *
The lemure barely misses you.
Pikel hits the lemure with a +0 whip of freezing.
Pikel freezes the lemure.
You hit Pikel but do no damage.
Pikel is heavily wounded.
Pikel looks very confused.
You barely miss Pikel.
Pikel is heavily wounded.
The lemure completely misses you. Pikel closely misses you.
The lemure hits you.
* * * LOW HITPOINT WARNING * * *
Pikel barely misses you.
Pikel seems less confused.
The lemure hits you.
You die...

#..............
########.............
#......#.....#####'##
#......##########...#
#......#.............
#......#.............
#..[...'........†...5
#..5.<.#.............
#..5@..#.......##....
#.K55..#.......##....
#......#.......#....#
#......#.......'.†..#
#......'.......#....#
#......#.......##...+
#......#.......##...#
#.....############+##
#....##


You could see Pikel and 4 lemures.

Vanquished Creatures
  Menkaure (D:4)
  Duvessa (D:4)
  2 scorpions (D:5)
  Dowan (D:4)
  A hound (D:4)
  Terence (D:2)
  2 orc wizards (D:3)
  5 adders
  A worm (D:3)
  2 dart slugs
  9 orcs
  5 ball pythons
  7 endoplasms
  3 giant cockroaches
  6 goblins
  8 hobgoblins
  3 jackals (D:2)
  9 quokkas
  7 bats
  2 frilled lizards (D:2)
  5 kobolds
  6 rats
87 creatures vanquished.

Vanquished Creatures (others)
  42 plants (D:2)
42 creatures vanquished.

Grand Total: 129 creatures vanquished

Notes
Turn   | Place    | Note
-------+----------+-------------------------------------------
     0 | D:1      | koil the Spriggan Enchanter began the quest for the Orb.
     0 | D:1      | Reached XP level 1. HP: 9/9 MP: 5/5
   258 | D:1      | Reached XP level 2. HP: 13/13 MP: 6/6
   261 | D:1      | Learned a level 2 spell: Ensorcelled Hibernation
   790 | D:2      | Reached XP level 3. HP: 4/17 MP: 5/8
   794 | D:2      | Learned a level 3 spell: Confusing Touch
   798 | D:2      | Learned a level 3 spell: Dazzling Flash
   956 | D:2      | Found a basalt altar of Yredelemnul.
   959 | D:2      | Noticed Terence
  1080 | D:2      | Killed Terence
  1081 | D:2      | Reached skill level 1 in Fighting
  1081 | D:2      | Reached XP level 4. HP: 22/22 MP: 2/10
  1304 | D:2      | Reached skill level 5 in Stealth
  1792 | D:3      | Found a radiant altar of Vehumet.
  2253 | D:3      | Found a glowing golden altar of the Shining One.
  2254 | D:3      | Found a faded altar of an unknown god.
  2523 | D:3      | Reached XP level 5. HP: 11/25 MP: 4/11
  2911 | D:4      | Found an ornate altar of the Wu Jian Council.
  2951 | D:4      | Noticed Dowan
  2953 | D:4      | Noticed Duvessa
  3628 | D:4      | Noticed Menkaure
  3636 | D:4      | Killed Menkaure
  3637 | D:4      | Reached skill level 6 in Stealth
  3637 | D:4      | Reached XP level 6. HP: 30/30 MP: 6/13
  3685 | D:4      | Killed Duvessa
  3686 | D:4      | Reached skill level 5 in Hexes
  3703 | D:4      | Killed Dowan
  3704 | D:4      | Reached XP level 7. HP: 35/35 MP: 6/14
  3811 | D:4      | Found a blossoming altar of Fedhas.
  3916 | D:4      | Found a hazy altar of Hepliaklqana.
  4071 | D:4      | Became a worshipper of Hepliaklqana the Forgotten
  4120 | D:5      | Entered Level 5 of the Dungeon
  4142 | D:5      | Noticed Pikel
  4199 | D:5      | Identified the +10 spear "Mostexud" {drain, +Blink rElec
                  | rC- Dex-5}
  4583 | D:5      | Slain by a lemure

Illustrated notes

Levels and vault maps discovered:
D:1:      scummos_arrival_checkerplants, layout_rooms, kennysheep_minor_cross,
          minmay_tetromino_t4
D:2:      wad_woods_stonehenge, layout_rooms, uniq_terence
D:3:      layout_basic, nicolae_overflow_crystal_walls,
          mainiacjoe_overflow_paths, nicolae_ecumenical_lake_church,
          amcnicky_mini_pool_small, minmay_misc_feat_ornament, corexii_shack
D:4:      layout_rooms, general_overflow_altar,
          mainiacjoe_overflow_small_starburst, nzn_hepliaklqana_mist_gate,
          chequers_serial_rivers_micro_e, grunt_ministairs_10, fountainhead,
          uniq_menkaure, uniq_duvessa
D:5:      layout_gridville, gup_sewer_entry_spiral, uniq_ijyb, uniq_pikel

Skill      XL: |  1  2  3  4  5  6 |
---------------+-------------------+-----
Dodging        | 3 4 |  4.9
Spellcasting   | 3 4 |  4.6
Hexes          | 4 5 |  5.2
Fighting       | 1 2 |  2.3
Short Blades   | 2 3 |  3.5
Stealth        | 5 6 |  6.6
Invocations    | |  0.5

Action                   |  1- 3 |  4- 6 |  7- 9 || total
-------------------------+-------+-------+-------++-------
Melee: Dagger            |   130 |   189 |    25 ||   344
       Punch             |       |     2 |     2 ||     4
 Cast: Ensorcelled Hiber |     4 |    28 |    14 ||    46
       Confusing Touch   |       |     1 |     3 ||     4
  Use: Potion            |       |       |     3 ||     3
 Stab: Sleeping          |     7 |    19 |     2 ||    28
       Distracted        |       |     2 |       ||     2
       Confused          |       |     1 |       ||     1
Armor: Robe              |    15 |    10 |    21 ||    46
       Skin              |       |     3 |       ||     3
Dodge: Dodged            |   154 |   141 |    64 ||   359

Table legend: (Time is in decaauts)
 A = Elapsed time spent in this place.
 B = Non-inter-level travel time spent in this place.
 C = Inter-level travel time spent in this place.
 D = Time resting spent in this place.
 E = Time spent auto-exploring this place.
 F = Levels seen in this place.
 G = Mean time per level.
                   A        B        C        D        E       F      G
               +--------+--------+--------+--------+--------+-----+--------+
         Total |   3466 |   3357 |    109 |    500 |   1886 |   5 |  693.2 |
       Dungeon |   3466 |   3357 |    109 |    500 |   1886 |   5 |  693.2 |
               +--------+--------+--------+--------+--------+-----+--------+

Top non-repeatable levels by time:
     D:3: 1014 daAuts
     D:4: 987 daAuts
     D:2: 723 daAuts
     D:1: 459 daAuts
     D:5: 283 daAuts
